 Dungeon Crawl Stone Soup version 0.30.1-1-g62c8e00024 (webtiles) character file.

Game seed: 245614707151190672

8393 Gorgoleon the Spear-Bearer (level 11, -4/89 HPs)
             Began as a Merfolk Gladiator on July 16, 2023.
             Was an Elder of Okawaru.
             Slain by a two-headed ogre
             ... wielding a +0 giant club
              (6 damage)
             ... on level 10 of the Dungeon.
             The game lasted 00:33:25 (11322 turns).

Gorgoleon the Spear-Bearer (Merfolk Gladiator)     Turns: 11322, Time: 00:33:25

Health: -4/89      AC:  7    Str: 20    XL:     11   Next: 30%
Magic:  13/13      EV: 15    Int:  7    God:    Okawaru [****..]
Gold:   415        SH: 12    Dex: 15    Spells: 10/10 levels left

rFire   . . .        Q - +5 spear (freeze)
rCold   . . .        t - +2 buckler
rNeg    . . .        b - +0 leather armour
rPois   .            c - +0 helmet
rElec   .            i - +0 cloak
rCorr   .            p - +0 pair of gloves
SInv    +            (no boots)
Will    .....        B - amulet of reflection
Stlth   +            u - ring of see invisible
HPRegen 0.34/turn    (no ring)
MPRegen 0.13/turn

%: reflection
@: mighty
A: (nimble swimmer 2), mertail
a: Renounce Religion, Heroism, Finesse


You were on level 10 of the Dungeon.
You worshipped Okawaru.
Okawaru was greatly pleased with you.
You visited 2 branches of the dungeon, and saw 11 of its levels.

You collected 415 gold pieces.

Inventory:

Hand Weapons
 J - a +1 halberd of flaming
 P - a +1 halberd of freezing
 Q - a +5 spear of freezing (weapon)
Missiles
 a - 3 datura-tipped darts
 d - 5 throwing nets
 e - a javelin
 A - 22 stones (quivered)
 E - 5 boomerangs
Armour
 b - a +0 leather armour (worn)
 c - a +0 helmet (worn)
 g - the +1 robe of the Wonderful God {rPois rN++ Int+3 Archmagi}
   (You found it on level 3 of the Dungeon)

   Int:       It affects your intelligence (+3).
   rPois:     It protects you from poison.
   rN:        It greatly protects you from negative energy.
   Archmagi:  It increases the power of your magical spells.
 i - a +0 cloak (worn)
 p - a +0 pair of gloves (worn)
 t - a +2 buckler (worn)
Jewellery
 j - a ring of ice
 u - a ring of see invisible (left hand)
 x - an amulet of magic regeneration
 B - an amulet of reflection (around neck)
 C - a ring of protection from cold
 H - an amulet of regeneration
 O - a ring of positive energy
Wands
 h - a wand of roots (6)
 v - a wand of polymorph (7)
 F - a wand of light (8)
 M - a wand of flame (39)
Scrolls
 f - 4 scrolls of teleportation
 m - 5 scrolls of identify
 q - a scroll of amnesia
 r - 4 scrolls of magic mapping
 y - 2 scrolls of noise
 z - 2 scrolls of fog
 D - a scroll of blinking
 K - a scroll of enchant weapon
 L - a scroll of enchant armour
 N - 2 scrolls of poison
 R - a scroll of fear
Potions
 k - a potion of cancellation
 n - 4 potions of flight
 o - 4 potions of curing
 s - a potion of attraction
 w - a potion of invisibility
 G - a potion of ambrosia
 I - 2 potions of magic


   Skills:
 * Level 9.1 Fighting
 - Level 14.0 Polearms
 - Level 5.0 Throwing
 * Level 4.6 Armour
 - Level 8.0 Dodging
 - Level 5.0 Shields
 * Level 3.2 Invocations


You had 10 spell levels left.
You didn't know any spells.
Your spell library contained the following spells:

 Spells                   Type           Power      Damage    Failure   Level
 Sandblast                Erth           0%         2d4       54%         1
 Blink                    Tloc           0%         N/A       69%         2
 Lesser Beckoning         Tloc           0%         N/A       69%         2
 Momentum Strike          Conj/Tloc      0%         3d8       69%         2
 Passwall                 Tmut/Erth      0%         N/A       69%         2
 Ozocubu's Armour         Ice            0%         N/A       89%         3
 Stone Arrow              Conj/Erth      0%         3d7       89%         3
 Manifold Assault         Tloc           0%         N/A       100%        4
 Borgnjor's Vile Clutch   Necr/Erth      0%         N/A       100%        5
 Dispersal                Tloc           0%         N/A       100%        6
 Ozocubu's Refrigeration  Ice            0%         4d7       100%        7
 Disjunction              Tloc           0%         N/A       100%        8
 Animate Dead             Necr           Unusable   N/A       N/A         4
 Death Channel            Necr           Unusable   N/A       N/A         6

Dungeon Overview and Level Annotations

Branches:
Dungeon (10/15)            Temple (1/1) D:6            Lair (0/5) D:10
    Orc: D:9-12

Altars:
Ashenzari
Cheibriados
Dithmenos
Elyvilon
Fedhas
Gozag
Hepliaklqana
Kikubaaqudgha
Makhleb
Nemelex Xobeh
Okawaru
Qazlal
Ru
Sif Muna
Trog
Uskayaw
Vehumet
Wu Jian
Xom
Yredelemnul
Zin
The Shining One

Annotations:
D:2 1 runed translucent door, Crazy Yiuf


Innate Abilities, Weirdness & Mutations

((You are very nimble when in or above water. (Stealth+, EV+, Speed+++)))
Your lower body shifts to a powerful aquatic tail in water.


Message History

The shadow closely misses you.
You hit the shadow.
You destroy the shadow!
Okawaru accepts your kill.
R - a scroll of fear
h - a wand of roots (6) (gained 3 charges)
A two-headed ogre comes into view. It is wielding two +0 giant clubs.
Found a pair of gloves.
Found a stone staircase leading down.
The two-headed ogre shouts in stereo!
You puncture the two-headed ogre! You freeze the two-headed ogre.
The two-headed ogre is moderately wounded.
The two-headed ogre barely misses you. You block the two-headed ogre's attack.
You hit the two-headed ogre. You freeze the two-headed ogre.
The two-headed ogre is moderately wounded.
You hit the two-headed ogre. You freeze the two-headed ogre.
The two-headed ogre is heavily wounded.
You hit the two-headed ogre. You freeze the two-headed ogre.
The two-headed ogre is heavily wounded.
The two-headed ogre hits you with a +0 giant club!!
The two-headed ogre hits you with a +0 giant club!
You hit the two-headed ogre. You freeze the two-headed ogre.
The two-headed ogre is heavily wounded.
You closely miss the two-headed ogre.
The two-headed ogre is heavily wounded.
You hit the two-headed ogre but do no damage.
The two-headed ogre is heavily wounded.
The two-headed ogre hits you with a +0 giant club!! x2
* * * LOW HITPOINT WARNING * * *
You completely miss the two-headed ogre.
The two-headed ogre is heavily wounded.
The two-headed ogre attacks as you move away!
You block the two-headed ogre's attack.
The two-headed ogre hits you with a +0 giant club!
* * * LOW HITPOINT WARNING * * *
You feel very mighty all of a sudden.
You hit the two-headed ogre. You freeze the two-headed ogre.
The two-headed ogre is severely wounded.
The two-headed ogre misses you.
The two-headed ogre hits you with a +0 giant club.
You die...

...♣♣♣♣♣.###.##
#......#.... ..
♣..##..#
#......#.... .
♣♣.....#
####+##.....
♣♣..##.# .......
..♣♣♣♣♣♣...##.##
.#.....>
...........##..#
##.....
.#############.###
#..... #...#
##.... ###@# #....
#O# #... #.#
#..[..# ....>##
#######


You could see a two-headed ogre.

Vanquished Creatures
  Amaemon (D:8)
  Pikel (D:7)
  A cyclops (D:8)
  An orange demon (D:8)
  9 yaks (D:8)
  A shadow (D:10)
  A steam dragon (D:5)
  Grum (D:9)
  2 wargs (D:10)
  Duvessa (D:5)
  2 water moccasins
  3 black bears
  2 orc warriors
  A sky beast (D:8)
  An ogre (D:5)
  An ice beast (D:5)
  6 centaurs
  4 wolves (D:9)
  2 lemures (D:6)
  A phantom (D:7)
  A kobold brigand (D:6)
  4 bullfrogs
  2 scorpions
  19 wights
  Dowan (D:5)
  9 howler monkeys
  2 hounds
  5 orc priests
  4 jellies
  6 iguanas
  Terence (D:2)
  2 gnoll boudas
  Natasha (thrice) (D:2)
  4 orc wizards
  9 gnolls
  18 adders
  A shadow imp (D:7)
  2 white imps
  An ufetubus (D:6)
  4 worms
  4 dart slugs
  16 orcs
  10 ball pythons
  8 bats
  7 endoplasms
  2 giant cockroaches
  7 goblins
  6 hobgoblins
  12 jackals
  13 kobolds
  4 quokkas
  3 frilled lizards
  4 rats
236 creatures vanquished.

Notes
Turn   | Place    | Note
-------+----------+-------------------------------------------
     0 | D:1      | Gorgoleon the Merfolk Gladiator began the quest for the
                  | Orb.
     0 | D:1      | Reached XP level 1. HP: 16/16 MP: 1/1
    90 | D:1      | Reached XP level 2. HP: 19/22 MP: 2/2
   172 | D:1      | Reached skill level 5 in Polearms
   327 | D:1      | Found a faded altar of an unknown god.
   468 | D:1      | Reached XP level 3. HP: 24/27 MP: 3/3
   895 | D:2      | Reached skill level 6 in Polearms
  1026 | D:2      | Reached XP level 4. HP: 17/33 MP: 4/4
  1210 | D:2      | Noticed Natasha
  1237 | D:2      | Killed Natasha
  1238 | D:2      | Reached skill level 7 in Polearms
  1370 | D:2      | Reached XP level 5. HP: 38/38 MP: 5/5
  1418 | D:2      | Noticed Natasha
  1429 | D:2      | Killed Natasha
  1563 | D:2      | Found a runed translucent door.
  1564 | D:2      | Noticed Crazy Yiuf
  1624 | D:2      | Reached skill level 8 in Polearms
  1626 | D:2      | Noticed Terence
  1637 | D:2      | Killed Terence
  1820 | D:2      | Noticed Natasha
  1832 | D:2      | Killed Natasha
  2033 | D:3      | Reached XP level 6. HP: 44/44 MP: 6/6
  2182 | D:3      | Identified the +6 sling of the Hills {freeze, *Corrode
                  | rPois Dex+3 Stlth+}
  2378 | D:3      | Found a shimmering blue altar of Sif Muna.
  2554 | D:3      | Identified the +1 robe of the Wonderful God {rPois rN++
                  | Int+3 Archmagi}
  2573 | D:3      | Found an iron altar of Okawaru.
  2573 | D:3      | Found a basalt altar of Yredelemnul.
  2574 | D:3      | Found an ancient bone altar of Kikubaaqudgha.
  2585 | D:3      | Became a worshipper of Warmaster Okawaru
  3038 | D:4      | Noticed a black bear
  3055 | D:4      | Killed a black bear
  3056 | D:4      | Reached skill level 9 in Polearms
  3056 | D:4      | Reached skill level 1 in Invocations
  3280 | D:4      | Noticed a black bear
  3335 | D:4      | Killed a black bear
  3336 | D:4      | Reached XP level 7. HP: 31/50 MP: 6/8
  3570 | D:4      | Reached * piety under Okawaru
  3571 | D:4      | Reached skill level 10 in Polearms
  3988 | D:5      | Entered Level 5 of the Dungeon
  3988 | D:5      | Noticed Duvessa
  3988 | D:5      | Noticed Dowan
  4168 | D:5      | Killed Duvessa
  4169 | D:5      | Reached skill level 11 in Polearms
  4229 | D:5      | Killed Dowan
  4546 | D:5      | Reached XP level 8. HP: 56/56 MP: 9/9
  4700 | D:5      | Reached skill level 12 in Polearms
  4933 | D:5      | Reached skill level 13 in Polearms
  5232 | D:5      | Found a glowing silver altar of Zin.
  5289 | D:5      | Reached ** piety under Okawaru
  5720 | D:6      | Found a staircase to the Ecumenical Temple.
  5741 | D:6      | Reached skill level 14 in Polearms
  5831 | Temple   | Entered the Ecumenical Temple
  6145 | D:6      | Reached skill level 1 in Armour
  6145 | D:6      | Reached XP level 9. HP: 20/62 MP: 10/10
  6350 | D:6      | Reached skill level 1 in Shields
  6625 | D:7      | Noticed Pikel
  6990 | D:7      | Killed Pikel
  6991 | D:7      | Reached skill level 5 in Dodging
  7239 | D:7      | Found an opulent altar of Gozag.
  7239 | D:7      | Found a bloodstained altar of Trog.
  7306 | D:7      | Reached *** piety under Okawaru
  7470 | D:8      | Noticed Amaemon
  7470 | D:8      | Noticed an orange demon
  7470 | D:8      | Noticed a cyclops
  7604 | D:8      | Reached skill level 5 in Fighting
  7604 | D:8      | Reached XP level 10. HP: 46/74 MP: 12/12
  8227 | D:8      | Found a hazy altar of Hepliaklqana.
  8298 | D:8      | Reached skill level 5 in Shields
  8501 | D:8      | Killed a cyclops
  8801 | D:8      | Killed Amaemon
  8805 | D:8      | Killed an orange demon
  9067 | D:8      | Reached **** piety under Okawaru
  9533 | D:9      | Reached XP level 11. HP: 56/82 MP: 13/13
  9976 | D:9      | Reached skill level 5 in Throwing
 10030 | D:9      | Noticed Grum
 10047 | D:9      | Killed Grum
 10290 | D:8      | Received a gift from Okawaru
 10590 | D:9      | Found a blossoming altar of Fedhas.
 10834 | D:10     | Entered Level 10 of the Dungeon
 10852 | D:10     | Found a shadowy altar of Dithmenos.
 11013 | D:10     | Found a sacrificial altar of Ru.
 11222 | D:10     | Found a staircase to the Lair.
 11310 | D:10     | Noticed a two-headed ogre
 11319 | D:10     | HP: 1/89 [two-headed ogre/+0 giant club (17)]
 11322 | D:10     | Slain by a two-headed ogre

Illustrated notes

Levels and vault maps discovered:
D:1:      saegor_arrival_simple_e, layout_basic, basic_ecumenical_altar,
          grunt_decor_mini_mirrors
D:2:      layout_basic, minmay_tromino_v4_a, uniq_crazy_yiuf_cottage,
          uniq_natasha, uniq_terence
D:3:      layout_basic, overflow_temple_1_default,
          gammafunk_temple_overflow_forgotten, nicolae_titane
D:4:      layout_rooms, minmay_snake_closets, uniq_blork_the_orc
D:5:      kennysheep_six_static_rooms, layout_rooms,
          mainiacjoe_overflow_surrounded_room, minmay_misc_feat_hallway,
          minmay_misc_feat_columns, uniq_duvessa
D:6:      layout_gridville, minmay_temple_entry_junction_2
D:7:      layout_rooms, gammafunk_temple_overflow_wave, uniq_pikel
D:8:      layout_basic, nicolae_hepliaklqana_hazy_memory, grunt_ministairs_14,
          minivault_27, uniq_amaemon
D:9:      layout_long_grid, fedhas_altar_1, uniq_grum
D:10:     layout_basic, nicolae_ru_sacrificial_ziggurat,
          mainiacjoe_overflow_six_doors_small, erik_lair_orcish_takeover,
          nrook_campfire
Temple:   minmay_freezing_vapour_temple

Skill      XL: |  1  2  3  4  5  6  7  8  9 10 11 |
---------------+----------------------------------+-----
Polearms       | 5 6 7 8 9 11 14 | 14.0
Invocations    | 1 2 3 |  3.2
Armour         | 1 2 3 4 |  4.6
Shields        | 4 5 |  5.0
Fighting       | 5 7 9 |  9.1
Dodging        | 5 8 |  8.0
Throwing       | 3 4 5 |  5.0

Action                     |  1- 3 |  4- 6 |  7- 9 | 10-12 || total
---------------------------+-------+-------+-------+-------++-------
  Melee: Trident           |   106 |   185 |   531 |   114 ||   936
         Punch             |     1 |     3 |     3 |       ||     7
         Halberd           |       |       |       |   140 ||   140
         Spear             |       |       |       |    85 ||    85
  Throw: Stone             |       |     5 |     6 |    18 ||    29
         Throwing net      |       |     1 |     1 |       ||     2
 Invoke: Heroism           |       |       |     4 |     4 ||     8
    Use: Scroll            |       |    10 |     6 |     3 ||    19
         Potion            |       |     8 |     4 |     2 ||    14
   Stab: Sleeping          |     3 |     3 |     5 |       ||    11
 Armour: Leather armour    |    27 |    43 |    69 |    18 ||   157
  Dodge: Dodged            |    58 |    93 |   146 |   122 ||   419
  Block: Other             |       |       |    20 |    22 ||    42
         Buckler           |       |       |   102 |    79 ||   181
         Reflection        |       |       |     3 |    16 ||    19
